 Dungeon Crawl Stone Soup version 0.30-a0-989-g0d87f670db (webtiles) character file.

Game seed: 12792628993277801673

55 PLAYERX the Shooter (level 4, -2/26 HPs)
             Began as a Kobold Hunter on Apr 2, 2023.
             Killed from afar by Natasha (5 damage)
             ... with a magic dart
             ... on level 2 of the Dungeon.
             The game lasted 00:03:26 (1143 turns).

PLAYERX the Shooter (Kobold Hunter)                 Turns: 1143, Time: 00:03:27

Health: -2/26      AC:  3    Str:  8    XL:     4   Next: 14%
Magic:  4/4        EV: 14    Int: 10    God:
Gold:   78         SH:  0    Dex: 20    Spells: 3/3 levels left

rFire   . . .      SeeInvis .    a - +0 shortbow
rCold   . . .      Faith    .    (shield currently unavailable)
rNeg    . . .      Spirit   .    b - +0 leather armour
rPois   .          Reflect  .    (no helmet)
rElec   .          Rampage  .    (no cloak)
rCorr   .                        (no gloves)
Will    .....                    (no boots)
Stlth   +++                      (no amulet)
HPRegen 0.24/turn                (no ring)
MPRegen 0.09/turn                (no ring)

@: no status effects
A: small, no large weapons, nightstalker 3
a: no special abilities


You were on level 2 of the Dungeon.
You visited 1 branch of the dungeon, and saw 2 of its levels.

You collected 78 gold pieces.

Inventory:

Hand Weapons
 a - a +0 shortbow (weapon)
Armour
 b - a +0 leather armour (worn)
Scrolls
 c - a scroll of immolation
Potions
 d - a potion of heal wounds {unknown}
 e - a potion of flight {unknown}
 f - a potion of brilliance {unknown}


   Skills:
 + Level 2.2 Fighting
 + Level 7.0 Ranged Weapons
 + Level 0.5 Armour
 + Level 2.4 Dodging
 + Level 1.3 Stealth


You had 3 spell levels left.
You didn't know any spells.
Your spell library contained the following spells:

 Spells                   Type           Power      Damage    Failure   Level
 Magic Dart               Conj           0%         1d3       47%         1
 Searing Ray              Conj           0%         2d4       63%         2
 Fulminant Prism          Conj/Hex       0%         3d5       99%         4


Dungeon Overview and Level Annotations

Branches:
Dungeon (2/15)

Altars:
Dithmenos

Annotations:
D:2 Natasha


Innate Abilities, Weirdness & Mutations

You are small and have problems with some larger weapons.
You are completely attuned to the shadows.


Message History

Natasha, Servant of Life and Death comes into view.
You shoot an arrow. The arrow hits Natasha.
Natasha hisses angrily.
Natasha is lightly wounded.
You hear an angry hiss.
You shoot an arrow. The arrow barely misses Natasha.
You shoot an arrow. The arrow barely misses Natasha.
Natasha barely misses you.
You shoot an arrow. The arrow closely misses Natasha.
An adder comes into view.
Natasha wildly gestures.
Natasha's front paws start to glow.
Natasha claws you but does no damage.
You shoot an arrow.
The arrow hits Natasha but does no damage.
Natasha is lightly wounded.
The adder completely misses you. Natasha claws you.
You shoot an arrow. The arrow hits the adder.
The adder is lightly wounded.
The adder bites you but does no damage. Natasha casts a spell at you.
The magic dart hits you. The adder closely misses you. Natasha claws you.
You shoot an arrow. The arrow hits Natasha.
Natasha is heavily wounded.
The adder closely misses you. Natasha completely misses you.
The adder bites you but does no damage.
You shoot an arrow. The arrow completely misses Natasha.
Natasha claws you!
* * * LOW HITPOINT WARNING * * *
The adder bites you but does no damage.
You shoot an arrow. The arrow barely misses Natasha.
The adder bites you.
* * * LOW HITPOINT WARNING * * *
Natasha barely misses you.
A quokka comes into view.
The adder bites you.
* * * LOW HITPOINT WARNING * * *
You shoot an arrow. The arrow hits the adder.
The adder is moderately wounded.
Natasha closely misses you. The adder closely misses you.
Natasha casts a spell at you. The magic dart hits you.
You die...

.. #### ...###....
...#S@h# #..r###
#...## .#
)..#..######..##.
.#.##.##.........
. #.#..####.#...
##.....†.......
.......)#.....#
.†..._.......####.


You could see Natasha, an adder and a quokka.

Vanquished Creatures
  2 adders (D:2)
  A worm (D:2)
  A dart slug (D:2)
  3 ball pythons
  A bat (D:1)
  3 endoplasms (D:1)
  2 giant cockroaches
  2 hobgoblins (D:2)
  A quokka (D:2)
  A frilled lizard (D:1)
  8 goblins
  3 kobolds
  3 rats (D:1)
31 creatures vanquished.

Notes
Turn   | Place    | Note
-------+----------+-------------------------------------------
     0 | D:1      | PLAYERX the Kobold Hunter began the quest for the Orb.
     0 | D:1      | Reached XP level 1. HP: 12/12 MP: 1/1
   142 | D:1      | Reached XP level 2. HP: 7/17 MP: 2/2
   413 | D:1      | Reached skill level 6 in Ranged Weapons
   961 | D:2      | Identified the +8 short sword of Qiulav {vamp, rF+ Int+3
                  | Stlth+}
   965 | D:2      | Reached XP level 3. HP: 21/21 MP: 3/3
  1102 | D:2      | Found a shadowy altar of Dithmenos.
  1104 | D:2      | Reached XP level 4. HP: 26/26 MP: 4/4
  1126 | D:2      | Reached skill level 7 in Ranged Weapons
  1133 | D:2      | Noticed Natasha
  1143 | D:2      | Killed from afar by Natasha

Illustrated notes

Levels and vault maps discovered:
D:1:      dpeg_arrival_rooms_b, layout_basic, hangedman_decor_peaks_small
D:2:      layout_rooms, basic_altar, uniq_natasha

Skill      XL: |  1  2  3  4 |
---------------+-------------+-----
Ranged Weapons | 6 7 |  7.0
Fighting       | |  2.2
Armour         | |  0.5
Dodging        | |  2.4
Stealth        | |  1.3

Action                     |  1- 3 |  4- 6 || total
---------------------------+-------+-------++-------
   Fire: Shortbow          |    55 |    15 ||    70
 Armour: Leather armour    |     2 |     4 ||     6
  Dodge: Dodged            |     9 |     8 ||    17

Table legend: (Time is in decaauts)
 A = Elapsed time spent in this place.
 B = Non-inter-level travel time spent in this place.
 C = Inter-level travel time spent in this place.
 D = Time resting spent in this place.
 E = Time spent auto-exploring this place.
 F = Levels seen in this place.
 G = Mean time per level.
                   A        B        C        D        E       F      G
               +--------+--------+--------+--------+--------+-----+--------+
         Total |   1159 |   1134 |     25 |    243 |    740 |   2 |  579.5 |
       Dungeon |   1159 |   1134 |     25 |    243 |    740 |   2 |  579.5 |
               +--------+--------+--------+--------+--------+-----+--------+

Top non-repeatable levels by time:
     D:1: 942 daAuts
     D:2: 216 daAuts
